 Dungeon Crawl Stone Soup version 0.31.0-32-g396128a36d (webtiles) character file.

Game seed: 5029282136211556873

323 SSird the Covert (level 6, -3/30 HPs)
             Began as a Spriggan Brigand on Apr 4, 2024.
             Was a Follower of Dithmenos.
             Slain by a troll (12 damage)
             ... on level 4 of the Dungeon.
             The game lasted 00:07:24 (2738 turns).

SSird the Covert (Spriggan Brigand)                 Turns: 2738, Time: 00:07:24

Health: -3/30      AC:  4    Str:  7    XL:     6   Next: 23%
Magic:  6/6        EV: 18    Int: 13    God:    Dithmenos [*.....]
Gold:   124        SH:  4    Dex: 18    Spells: 5/5 levels left

rFire   . . .        a - +3 short sword
rCold   . . .        t - +0 buckler
rNeg    . . .        b - +0 robe
rPois   .            (helmet restricted)
rElec   .            r - +1 cloak
rCorr   .            (gloves unavailable)
SInv    +            (boots unavailable)
Will    +....        y - amulet of regeneration
Stlth   +++++        (no ring)
HPRegen 1.05/turn    (no ring)
MPRegen 0.10/turn

%: no passive effects
@: mighty, brilliant, attractive, hasted, wreathed by umbra, very quick
A: very small, no large weapons, unfitting armour, see invisible, speed 3, low
MP 1
a: Renounce Religion


You were on level 4 of the Dungeon.
You worshipped Dithmenos.
Dithmenos was aware of your devotion.
You visited 1 branch of the dungeon, and saw 5 of its levels.

You collected 124 gold pieces.

Inventory:

Hand Weapons
 a - a +3 short sword (weapon)
 x - a +2 dagger
Missiles
 d - 9 poisoned darts (quivered)
 e - 3 curare-tipped darts
Armour
 b - a +0 robe (worn)
 r - a +1 cloak (worn)
 t - a +0 buckler (worn)
Jewellery
 s - an amulet of guardian spirit
 y - an amulet of regeneration (around neck)
Talismans
 n - a blade talisman
Wands
 v - a wand of charming (3)
Scrolls
 f - 2 scrolls of immolation
 h - 3 scrolls of revelation
 j - 2 scrolls of identify
 k - 2 scrolls of silence
 m - a scroll of teleportation
 p - 4 scrolls of blinking
Potions
 g - a potion of curing
 i - 2 potions of might
 l - a potion of mutation


   Skills:
 - Level 1.5 Fighting
 - Level 2.1 Short Blades
 - Level 2.0 Throwing
 + Level 4.0 Dodging
 * Level 9.0 Stealth
 * Level 4.0 Shapeshifting


You had 5 spell levels left.
You didn't know any spells.
Your spell library was empty.

Dungeon Overview and Level Annotations

Branches:
Dungeon (5/15)
 Temple: D:4-7

Altars:
Dithmenos

Shops:
D:3 :


Innate Abilities, Weirdness & Mutations

You are very small and have problems with some larger weapons.
You are too small for most types of armour.
You have supernaturally acute eyesight. (SInv)
You cover ground extremely quickly. (Speed+++)
Your magical capacity is low. (-10% MP)


Message History

The orc is almost dead.
You block the orc's attack. The troll is attracted toward you.
A troll comes into view.
You puncture the orc!
You kill the orc!
Dithmenos accepts your kill. The troll is attracted toward you.
You closely miss the troll. You barely miss the troll. The troll bites you.
The troll barely misses you. The troll closely misses you.
Okay, then.
You hit the troll.
The troll is lightly wounded.
The troll barely misses you. The troll claws you. You block the troll's attack.
You puncture the troll!
The troll is moderately wounded.
You hit the troll.
The troll is heavily wounded.
The troll bites you. The troll claws you but does no damage.
The troll claws you.
You puncture the troll!
The troll is severely wounded.
The troll bites you!
* * * LOW HITPOINT WARNING * * *
The troll barely misses you. x2
The troll is attracted toward you. The troll is attracted toward you.
The troll is attracted toward you. The troll is attracted toward you.
There is a stone staircase leading up here.
You see here a +0 cloak.
The troll bites you but does no damage. The troll claws you.
* * * LOW HITPOINT WARNING * * *
The troll closely misses you.
You climb upwards.
There is a stone staircase leading down here.
Unknown command.
The troll is attracted toward you. The troll attacks as it pursues you!
The troll bites you!
You die...

..# #...#....#......#........#..
..# ##..#....#......'........#..
..# ##..#....#..##..#........#..
..# #...#....#..##..#........#..
..# #...#....#..#...#........#..
..# ##'##....#..#...#........###
..# #....######+##..#...........
..# #....#..##..##..+.).........
..# #....#.....@.#..#...........
..# #.(..'.....T.#..#>..........
>.# #....#...§..##+##...........
..####....#..##>.#...............
..<.......#..#####...............
..........#......#............###
..........#......#............#..
.....)....#......#............#..
....)†....#......#............###


You could see a troll.

Vanquished Creatures
  Sigmund (D:3)
  A bombardier beetle (D:4)
  A sleepcap (D:4)
  2 adders
  A ribbon worm (D:3)
  A dart slug (D:2)
  5 orcs
  5 ball pythons
  4 endoplasms
  6 giant cockroaches
  6 goblins
  8 hobgoblins
  5 jackals
  4 quokkas
  4 bats
  A frilled lizard (D:2)
  9 kobolds
  6 rats
70 creatures vanquished.

Notes
Turn   | Place    | Note
-------+----------+-------------------------------------------
     0 | D:1      | SSird the Spriggan Brigand began the quest for the Orb.
     0 | D:1      | Reached XP level 1. HP: 10/10 MP: 2/2
    61 | D:1      | Reached skill level 6 in Stealth
   421 | D:1      | Reached XP level 2. HP: 12/14 MP: 3/3
   877 | D:2      | Reached skill level 7 in Stealth
   917 | D:2      | Reached XP level 3. HP: 18/18 MP: 4/4
   968 | D:2      | Found a shadowy altar of Dithmenos.
  1007 | D:2      | Became a worshipper of Dithmenos the Shadowed
  1291 | D:3      | Noticed Sigmund
  1294 | D:3      | Killed Sigmund
  1295 | D:3      | Reached skill level 8 in Stealth
  1295 | D:3      | Reached XP level 4. HP: 22/22 MP: 5/5
  1295 | D:3      | Reached XP level 5. HP: 25/25 MP: 6/6
  1508 | D:3      | Found Hegruwkar's Book Boutique.
  2016 | D:4      | Reached XP level 6. HP: 30/30 MP: 7/7
  2053 | D:4      | Reached * piety under Dithmenos
  2303 | D:4      | Reached skill level 9 in Stealth
  2705 | D:5      | Entered Level 5 of the Dungeon
  2712 | D:5      | Gained mutation: Your magical capacity is low. (-10% MP)
                  | [potion of mutation]
  2721 | D:5      | Noticed a troll
  2738 | D:4      | Slain by a troll

Illustrated notes

Levels and vault maps discovered:
D:1:      dpeg_arrival_ternary, layout_loops_ring, minmay_misc_feat_cross,
          st_stairs_8, minmay_cupped
D:2:      layout_rooms, basic_altar
D:3:      layout_rooms, serial_shops, nicolae_shop_behind_doors,
          chequers_serial_rivers_marsh, nicolae_the_louvre, uniq_sigmund
D:4:      layout_gridville, kennysheep_cross_bottleneck
D:5:      layout_basic, overflow_temple_1_default, mainiacjoe_overflow_alcove_2,
          minmay_manual_macuahuitl, uniq_duvessa, uniq_crazy_yiuf_cottage,
          uniq_menkaure

Skill      XL: |  1  2  3  4  5  6 |
---------------+-------------------+-----
Stealth        | 6 7 8 9 |  9.0
Dodging        | 2 3 4 |  4.0
Shapeshifting  | 3 4 |  4.0
Fighting       | |  1.5
Short Blades   | |  2.1
Throwing       | |  2.0

Action                     |  1- 3 |  4- 6 || total
---------------------------+-------+-------++-------
  Melee: Dagger            |   102 |    22 ||   124
         Punch             |     2 |       ||     2
         Short sword       |       |   102 ||   102
    Use: Scroll            |       |    13 ||    13
         Potion            |       |     6 ||     6
   Stab: Sleeping          |     8 |     6 ||    14
         Distracted        |     1 |       ||     1
 Armour: Robe              |    31 |    33 ||    64
  Dodge: Dodged            |    67 |    85 ||   152
  Block: Buckler           |       |    17 ||    17
